MWL (24 & UNDER)
GRIM REAPERS @ MINNESOTA DEATH STARS
08/11/2030
 
TOP OF THE 1ST
Grim Reapers batting - Pitching for Minnesota Death Stars : LHP Wessel Timmermans
Pitching: LHP Wessel Timmermans
Batting: RHB Arturo Franco 0-0: Called Strike
0-1: SINGLE (Groundball, 34D)
Batting: RHB Fred Wagner 0-0: 2-RUN HOME RUN (Flyball, 7LD), Distance : 362 ft
Batting: RHB Ramón Sánchez 0-0: Fly out, F9 (Flyball, 9LMF)
Batting: RHB Júlio Núńez 0-0: Called Strike
0-1: Ground out U3 (Groundball, 34)
Batting: RHB Phil Martin 0-0: Ball
1-0: Called Strike
1-1: Called Strike
1-2: SOLO HOME RUN (Flyball, 7D), Distance : 379 ft
Batting: LHB Jesús Rojas 0-0: Ball
1-0: Fly out, F9 (Flyball, 89M)
Top of the 1st over - 3 runs, 3 hits, 0 errors, 0 left on base; Grim 3 - Minnesota 0
BOTTOM OF THE 1ST
Minnesota Death Stars batting - Pitching for Grim Reapers : RHP Leonard Fitzpatrick
Pitching: RHP Leonard Fitzpatrick
Batting: RHB Lou Hammond 0-0: Ball
1-0: Ball
2-0: SINGLE (Groundball, 23) (infield hit)
Batting: RHB Manuel Cintrón 0-0: Ball
1-0: Fly out, F4 (Popup, 4MD)
Batting: LHB Gonzalo Gálvez 0-0: Ball
1-0: Ball
2-0: Fly out, F6 (Popup, 56D)
Batting: LHB Chris Henry 0-0: Called Strike
0-1: Foul Ball, location: 2F
0-2: Strikes out swinging
Bottom of the 1st over - 0 runs, 1 hit, 0 errors, 1 left on base; Grim 3 - Minnesota 0
TOP OF THE 2ND
Grim Reapers batting - Pitching for Minnesota Death Stars : LHP Wessel Timmermans
Batting: SHB Luis Sotelo 0-0: Ball
1-0: Fly out, F4 (Line Drive, 4M)
Batting: RHB Pedro López 0-0: Called Strike
0-1: Ball
1-1: Ball
2-1: Ball
3-1: Swinging Strike
3-2: Foul Ball, location: 2F
3-2: Foul Ball, location: 2F
3-2: Foul Ball, location: 2F
3-2: Ground out 6-3 (Groundball, 6)
Batting: RHB Mario Barker 0-0: Called Strike
0-1: Ball
1-1: Ball
2-1: Foul Ball, location: 2F
2-2: Strikes out looking
Top of the 2nd over - 0 runs, 0 hits, 0 errors, 0 left on base; Grim 3 - Minnesota 0
BOTTOM OF THE 2ND
Minnesota Death Stars batting - Pitching for Grim Reapers : RHP Leonard Fitzpatrick
Batting: RHB Ernesto Quintero 0-0: Ball
1-0: Foul Ball, location: 2F
1-1: Fly out, F1 (Line Drive, 15)
Batting: LHB Jamie Walker 0-0: Called Strike
0-1: Ball
1-1: SINGLE (Flyball, 89S)
Batting: RHB Justin López 0-0: Called Strike
0-1: Foul Ball, location: 2F
0-2: Ball
Jamie Walker steals 2nd base
1-2: Ball
2-2: Fly out, F8 (Flyball, 8LXD)
Runner from 2nd tags up, SAFE at 3rd, no throw
Batting: RHB Danny Scott 0-0: Ground out 1-3 (Groundball, 13)
Bottom of the 2nd over - 0 runs, 1 hit, 0 errors, 1 left on base; Grim 3 - Minnesota 0
TOP OF THE 3RD
Grim Reapers batting - Pitching for Minnesota Death Stars : LHP Wessel Timmermans
Batting: RHB Arturo Franco 0-0: Called Strike
0-1: Ball
1-1: Fly out, F3 (Popup, 3SF)
Batting: RHB Fred Wagner 0-0: Called Strike
0-1: Ball
1-1: Ball
2-1: Fly out, F7 (Flyball, 7S)
Batting: RHB Ramón Sánchez 0-0: Ball
1-0: Ball
2-0: Foul Ball, location: 2F
2-1: SINGLE (Flyball, 78M)
Batting: RHB Júlio Núńez 0-0: Fly out, F5 (Line Drive, 56)
Top of the 3rd over - 0 runs, 1 hit, 0 errors, 1 left on base; Grim 3 - Minnesota 0
BOTTOM OF THE 3RD
Minnesota Death Stars batting - Pitching for Grim Reapers : RHP Leonard Fitzpatrick
Batting: LHB Ryan Miller 0-0: SINGLE (Line Drive, 7S)
Batting: RHB Lou Hammond 0-0: Ball
1-0: Fielders Choice at 2nd, 5-4 (Groundball, 5)
Batting: RHB Manuel Cintrón 0-0: Called Strike
0-1: Called Strike
Lou Hammond steals 2nd base
0-2: Ball
1-2: Ball
2-2: SINGLE (Groundball, 56D)
Lou Hammond to third
Runner from 3rd tries for Home, SAFE, no throw
Batting: LHB Gonzalo Gálvez 0-0: Ball
1-0: Fly out, F9 (Flyball, 9LM)
Batting: LHB Chris Henry 0-0: Called Strike
0-1: Ball
1-1: Called Strike
1-2: Strikes out swinging
Bottom of the 3rd over - 1 run, 2 hits, 0 errors, 1 left on base; Grim 3 - Minnesota 1
TOP OF THE 4TH
Grim Reapers batting - Pitching for Minnesota Death Stars : LHP Wessel Timmermans
Batting: RHB Phil Martin 0-0: Ground out 5-3 (Groundball, 56)
Batting: LHB Jesús Rojas 0-0: Called Strike
0-1: Swinging Strike
0-2: Strikes out swinging
Batting: SHB Luis Sotelo 0-0: Called Strike
0-1: Swinging Strike
0-2: Ball
1-2: SINGLE (Line Drive, 89S)
Batting: RHB Pedro López 0-0: Ball
1-0: SINGLE (Line Drive, 7S)
Luis Sotelo to second
Batting: RHB Mario Barker 0-0: SINGLE (Groundball, 34D)
Luis Sotelo to third
Pedro López to second
Runner from 3rd tries for Home, SAFE, no throw
Batting: RHB Arturo Franco 0-0: SINGLE (Line Drive, 5)
Pedro López to third
Mario Barker to second
Batting: RHB Fred Wagner 0-0: Foul Ball, location: 2F
0-1: Ball
1-1: DOUBLE (Groundball, 5L)
Pedro López scores
Mario Barker scores
Arturo Franco to third
Runner from 3rd tries for Home, SAFE, no throw
Batting: RHB Ramón Sánchez 0-0: SINGLE (Groundball, 6M) (infield hit)
Fred Wagner to third
Batting: RHB Júlio Núńez 0-0: Called Strike
0-1: Swinging Strike
0-2: Ball
1-2: Strikes out swinging
Top of the 4th over - 4 runs, 6 hits, 0 errors, 2 left on base; Grim 7 - Minnesota 1
BOTTOM OF THE 4TH
Minnesota Death Stars batting - Pitching for Grim Reapers : RHP Leonard Fitzpatrick
Batting: RHB Ernesto Quintero 0-0: Called Strike
0-1: Ball
1-1: Ground out 4-3 (Groundball, 4)
Batting: LHB Jamie Walker 0-0: Foul Ball, location: 2F
0-1: Ball
1-1: Ball
2-1: Swinging Strike
2-2: Strikes out swinging
Batting: RHB Justin López 0-0: Ball
1-0: Called Strike
1-1: SINGLE (Groundball, 34D)
Batting: RHB Danny Scott 0-0: Called Strike
0-1: Ball
1-1: Called Strike
Justin López steals 2nd base
1-2: Strikes out swinging
Bottom of the 4th over - 0 runs, 1 hit, 0 errors, 1 left on base; Grim 7 - Minnesota 1
TOP OF THE 5TH
Grim Reapers batting - Pitching for Minnesota Death Stars : LHP Wessel Timmermans
Batting: RHB Phil Martin 0-0: SINGLE (Line Drive, 8RS)
Batting: LHB Jesús Rojas 0-0: Foul Ball, location: 2F
0-1: Ball
1-1: SINGLE (Groundball, 6D)
Phil Martin to second
Batting: SHB Luis Sotelo 0-0: Ball
1-0: SINGLE (Groundball, 6MD)
Phil Martin to third
Jesús Rojas to second
Batting: RHB Pedro López 0-0: Called Strike
0-1: Ball
1-1: Ball
2-1: Grounds into double play, 6-4-3 (Groundball, 6)
Phil Martin scores
Jesús Rojas to third
Batting: RHB Mario Barker 0-0: Fly out, F4 (Line Drive, 4M)
Top of the 5th over - 1 run, 3 hits, 0 errors, 1 left on base; Grim 8 - Minnesota 1
BOTTOM OF THE 5TH
Minnesota Death Stars batting - Pitching for Grim Reapers : RHP Leonard Fitzpatrick
Batting: LHB Ryan Miller 0-0: Ball
1-0: Swinging Strike
1-1: Foul Ball, location: 2F
1-2: Ball
2-2: Foul Ball, location: 2F
2-2: SINGLE (Groundball, 34D)
Batting: RHB Lou Hammond 0-0: Foul Ball, location: 2F
0-1: Ball
1-1: SINGLE (Groundball, 5L) (infield hit)
Ryan Miller to second
Batting: RHB Manuel Cintrón 0-0: Foul Ball, location: 2F
0-1: Called Strike
0-2: Foul Ball, location: 2F
0-2: Ball
1-2: Foul Ball, location: 2F
1-2: Strikes out swinging
Batting: LHB Gonzalo Gálvez 0-0: Ball
1-0: Ball
2-0: SINGLE (Flyball, 9LS)
Ryan Miller to third
Lou Hammond to second
Batting: LHB Chris Henry 0-0: Called Strike
0-1: Swinging Strike
0-2: Foul Ball, location: 2F
0-2: Strikes out looking
Batting: RHB Ernesto Quintero 0-0: Called Strike
0-1: Foul Ball, location: 2F
0-2: Ball
1-2: Ball
2-2: Strikes out swinging
Bottom of the 5th over - 0 runs, 3 hits, 0 errors, 3 left on base; Grim 8 - Minnesota 1
TOP OF THE 6TH
Grim Reapers batting - Pitching for Minnesota Death Stars : LHP Wessel Timmermans
Batting: RHB Arturo Franco 0-0: Ball
1-0: Foul Ball, location: 2F
1-1: Ball
2-1: Ball
3-1: Called Strike
3-2: Foul Ball, location: 2F
3-2: Base on Balls
Batting: RHB Fred Wagner 0-0: Called Strike
Arturo Franco steals 2nd base
0-1: Ball
1-1: Ball
2-1: Ball
3-1: Foul Ball, location: 2F
3-2: Base on Balls
Batting: RHB Ramón Sánchez 0-0: Called Strike
0-1: Foul Ball, location: 2F
0-2: Ball
1-2: Ball
2-2: Ball
3-2: Base on Balls
Arturo Franco to third
Fred Wagner to second
Batting: RHB Júlio Núńez 0-0: Called Strike
0-1: Fly out, F7 (Flyball, 78D)
Runner from 3rd tags up, SCORES, throw made
Batting: RHB Phil Martin 0-0: Called Strike
0-1: Ball
1-1: Foul Ball, location: 2F
1-2: Foul Ball, location: 2F
1-2: Foul Ball, location: 2F
1-2: Foul Ball, location: 2F
1-2: Foul Ball, location: 2F
1-2: Ball
2-2: SINGLE (Groundball, 34S) (infield hit)
Fred Wagner to third
Ramón Sánchez to second
Batting: LHB Jesús Rojas 0-0: Foul Ball, location: 2F
0-1: Ball
1-1: Foul Ball, location: 2F
1-2: Foul Ball, location: 2F
1-2: Ball
2-2: Foul Ball, location: 2F
2-2: Foul Ball, location: 2F
2-2: SINGLE (Groundball, 6D)
Fred Wagner scores
Ramón Sánchez to third
Phil Martin to second
Runner from 3rd tries for Home, SAFE, throw made home
Batting: SHB Luis Sotelo 0-0: Ball
1-0: Ball
2-0: Foul Ball, location: 2F
2-1: Ball
3-1: Foul Ball, location: 2F
3-2: Base on Balls
Phil Martin to third
Jesús Rojas to second
Pitching: RHP Cipriano Vega
Batting: RHB Pedro López 0-0: Swinging Strike
0-1: GRAND SLAM HOME RUN (Flyball, 7LD), Distance : 361 ft
Batting: RHB Mario Barker 0-0: Foul Ball, location: 2F
0-1: Ball
1-1: Called Strike
1-2: SINGLE (Line Drive, 4M)
Batting: RHB Arturo Franco 0-0: Ball
1-0: Swinging Strike
1-1: Fly out, F9 (Flyball, 9D)
Batting: RHB Fred Wagner 0-0: Called Strike
Mario Barker steals 2nd base
0-1: Swinging Strike
0-2: SINGLE (Line Drive, 4)
Mario Barker to third
Runner from 3rd tries for Home, throw and OUT!
Top of the 6th over - 7 runs, 5 hits, 0 errors, 1 left on base; Grim 15 - Minnesota 1
BOTTOM OF THE 6TH
Minnesota Death Stars batting - Pitching for Grim Reapers : RHP Leonard Fitzpatrick
Batting: LHB Jamie Walker 0-0: Ball
1-0: Swinging Strike
1-1: Swinging Strike
1-2: Foul Ball, location: 2F
1-2: Ball
2-2: Ball
3-2: Base on Balls
Batting: RHB Justin López 0-0: Ball
1-0: Swinging Strike
1-1: Called Strike
1-2: Strikes out swinging
Batting: RHB Danny Scott 0-0: Ball
1-0: Ball
2-0: Foul Ball, location: 2F
2-1: Ball
3-1: Swinging Strike
3-2: Base on Balls
Jamie Walker to second
Batting: LHB Ryan Miller 0-0: Ball
1-0: Swinging Strike
1-1: Ball
2-1: Ball
3-1: Foul Ball, location: 2F
3-2: Base on Balls
Jamie Walker to third
Danny Scott to second
Batting: RHB Lou Hammond 0-0: Foul Ball, location: 2F
0-1: Called Strike
0-2: Strikes out swinging
Batting: RHB Manuel Cintrón 0-0: Swinging Strike
0-1: Foul Ball, location: 2F
0-2: Ball
1-2: Foul Ball, location: 2F
1-2: Fly out, F4 (Popup, 23)
Bottom of the 6th over - 0 runs, 0 hits, 0 errors, 3 left on base; Grim 15 - Minnesota 1
TOP OF THE 7TH
Grim Reapers batting - Pitching for Minnesota Death Stars : RHP Cipriano Vega
Batting: RHB Ramón Sánchez 0-0: Ball
1-0: Foul Ball, location: 2F
1-1: Foul Ball, location: 2F
1-2: Strikes out swinging
Batting: RHB Júlio Núńez 0-0: Ball
1-0: Fly out, F8 (Flyball, 8RD)
Batting: RHB Phil Martin 0-0: Ball
1-0: Foul Ball, location: 2F
1-1: Ball
2-1: Ball
3-1: Called Strike
3-2: Strikes out swinging
Top of the 7th over - 0 runs, 0 hits, 0 errors, 0 left on base; Grim 15 - Minnesota 1
BOTTOM OF THE 7TH
Minnesota Death Stars batting - Pitching for Grim Reapers : RHP Leonard Fitzpatrick
Batting: LHB Gonzalo Gálvez 0-0: Ball
1-0: Called Strike
1-1: Ball
2-1: Ball
3-1: Fly out, F7 (Flyball, 78D)
Batting: LHB Chris Henry 0-0: Ball
1-0: Ball
2-0: Called Strike
2-1: Called Strike
2-2: Ball
3-2: Foul Ball, location: 2F
3-2: Base on Balls
Pitching: RHP Dan Ramsey
Batting: RHB Ernesto Quintero 0-0: Ball
1-0: Ball
2-0: Ball
3-0: Called Strike
3-1: Foul Ball, location: 2F
3-2: Strikes out swinging
Throwing error on steal attempt, E2
Chris Henry to third
Batting: LHB Jamie Walker 0-0: Swinging Strike
0-1: Ball
1-1: Ball
2-1: Ball
3-1: Foul Ball, location: 2F
3-2: Ground out 2-3 (Groundball, 2L)
Bottom of the 7th over - 0 runs, 0 hits, 1 error, 1 left on base; Grim 15 - Minnesota 1
TOP OF THE 8TH
Grim Reapers batting - Pitching for Minnesota Death Stars : RHP Cipriano Vega
Batting: LHB Jesús Rojas 0-0: Swinging Strike
0-1: Ball
1-1: Foul Ball, location: 2F
1-2: Ball
2-2: Fly out, F9 (Flyball, 9D)
Pinch Hitting: LHB Marcos Fontanez 0-0: Ball
1-0: Ball
2-0: Called Strike
2-1: Ball
3-1: Foul Ball, location: 2F
3-2: Strikes out looking
Batting: RHB Pedro López 0-0: Ball
1-0: Foul Ball, location: 2F
1-1: Swinging Strike
1-2: Strikes out looking
Top of the 8th over - 0 runs, 0 hits, 0 errors, 0 left on base; Grim 15 - Minnesota 1
BOTTOM OF THE 8TH
Minnesota Death Stars batting - Pitching for Grim Reapers : RHP Dan Ramsey
Now at 3B: Walt Green
Batting: RHB Justin López 0-0: Ball
1-0: Foul Ball, location: 2F
1-1: Called Strike
1-2: Ball
2-2: Fly out, F8 (Flyball, 8RS)
Batting: RHB Danny Scott 0-0: Ball
1-0: Called Strike
1-1: Ground out 5-3 (Groundball, 56)
Batting: LHB Ryan Miller 0-0: Called Strike
0-1: Foul Ball, location: 2F
0-2: Single, Error in OF, E8, batter to second base
Batting: RHB Lou Hammond 0-0: Ball
1-0: Called Strike
1-1: Swinging Strike
1-2: Ball
2-2: Ball
3-2: Strikes out looking
Bottom of the 8th over - 0 runs, 1 hit, 1 error, 1 left on base; Grim 15 - Minnesota 1
TOP OF THE 9TH
Grim Reapers batting - Pitching for Minnesota Death Stars : RHP Cipriano Vega
Batting: RHB Mario Barker 0-0: Ball
1-0: Foul Ball, location: 2F
1-1: Swinging Strike
1-2: Strikes out swinging
Batting: RHB Arturo Franco 0-0: SINGLE (Groundball, 56D)
Pitching: RHP Desi Morris
Batting: RHB Fred Wagner 0-0: Ball
1-0: Swinging Strike
1-1: Ball
2-1: Ball
3-1: Called Strike
3-2: Foul Ball, location: 2F
3-2: SINGLE (Flyball, 89S)
Arturo Franco to second
Arturo Franco to third
Batting: RHB Ramón Sánchez 0-0: Ball
1-0: Ball
2-0: Called Strike
2-1: Ball
3-1: Foul Ball, location: 2F
3-2: SINGLE (Groundball, 6MD)
Arturo Franco scores
Fred Wagner to second
Runner from 2nd tries for 3rd, SAFE, no throw
Batting: RHB Júlio Núńez 0-0: Called Strike
0-1: Foul Ball, location: 2F
0-2: Ball
1-2: Ball
2-2: Ball
3-2: Strikes out swinging
Pinch Hitting: LHB Benny Lawson 0-0: Ball
1-0: Foul Ball, location: 2F
1-1: Ball
2-1: Swinging Strike
2-2: Foul Ball, location: 2F
2-2: Ground out 1-3 (Groundball, P)
Top of the 9th over - 1 run, 3 hits, 0 errors, 2 left on base; Grim 16 - Minnesota 1
BOTTOM OF THE 9TH
Minnesota Death Stars batting - Pitching for Grim Reapers : RHP Dan Ramsey
Now in LF: Jesús Pérez
Pinch Hitting: RHB Donny Boykins 0-0: Swinging Strike
0-1: Ball
1-1: Foul Ball, location: 2F
1-2: Ground out 4-3 (Groundball, 34)
Pinch Hitting: LHB Larry Wright 0-0: Foul Ball, location: 2F
0-1: Ball
1-1: Ball
2-1: Swinging Strike
2-2: Foul Ball, location: 2F
2-2: Fly out, F9 (Flyball, 9S)
Batting: LHB Chris Henry 0-0: Called Strike
0-1: Ball
1-1: Ball
2-1: Ball
3-1: Base on Balls
Batting: RHB Ernesto Quintero 0-0: Ball
1-0: Foul Ball, location: 2F
1-1: Ball
2-1: Swinging Strike
2-2: Strikes out swinging
Bottom of the 9th over - 0 runs, 0 hits, 0 errors, 1 left on base; Grim 16 - Minnesota 1
Saturday, April 7th, 2018 - OOTP Baseball 18.8 Build 76